 Dungeon Crawl Stone Soup version 0.23.0 (webtiles) character file.

Game seed: 9184368017572453256

629098 matthes123 the Impregnable (level 27, 0/292 HPs)
             Began as a Minotaur Fighter on Feb 9, 2019.
             Was the Champion of Okawaru.
             Killed from afar by an orb of fire (17 damage)
             ... with a bolt of fire
             ... on level 5 of the Realm of Zot.
             The game lasted 02:11:29 (50904 turns).

matthes123 the Impregnable (Minotaur Fighter)      Turns: 50904, Time: 02:11:31

Health: 0/292      AC: 39    Str: 34    XL:     27
Magic:  30/30      EV: 25    Int: 26    God:    Okawaru [******]
Gold:   3652       SH: 21    Dex: 18    Spells: 26/26 levels left

rFire    . . .     SeeInvis +   c - +2 broad axe of the Turnip {vamp, Int+7}
rCold    + + +     Gourm    .   D - +5 shield of Whack-A-Mole {Int+8 Dex+3 Stlth-}
rNeg     + + +     Faith    .   b - +12 plate armour "Daoroam" {rF- rC+++ Int+4}
rPois    +         Spirit   .   t - -2 hat of the Alchemist {rElec rPois rF+ rC+ rN+ MR+ rMut rCorr}
rElec    +         Reflect  .   U - scarf {repulsion}
rCorr    +         Harm     .   M - +3 pair of gauntlets of War {Slay+5}
rMut     +         Clarity  +   V - +0 pair of boots "Seostruz" {Dex+2 Stlth+}
MR       +++++                  s - amulet of the Four Winds {rN+ MR+++ Clar}
Stlth    ..........             y - ring of the Establishment {rC+ MR+ SInv}
HPRegen  0.98/turn              E - ring "Siosmud" {rElec rN+ Int+2 Dex+3}
MPRegen  0.22/turn

@: about to teleport, repel missiles
A: retaliatory headbutt, horns 2, regeneration 1, robust 1, electricity
resistance
}: 3/15 runes: decaying, serpentine, slimy
a: Heroism, Finesse, Renounce Religion


You were on level 5 of the Realm of Zot.
You worshipped Okawaru.
Okawaru was exalted by your worship.
You were hungry.

You visited 10 branches of the dungeon, and saw 51 of its levels.
You visited the Abyss 1 time.
You also visited: Trove, Gauntlet, Wizlab and Desolation.

You collected 6154 gold pieces.
You spent 2502 gold pieces at shops.

Inventory:

Hand Weapons
 c - the +2 broad axe of the Turnip (weapon) {vamp, Int+7}
   (Okawaru gifted it to you on level 6 of the Lair of Beasts)

   It inflicts no extra harm, but heals its wielder when it wounds a living foe.
   It affects your intelligence (+7).
 H - a +3 broad axe of chopping
 K - a +1 vampiric executioner's axe
Armour
 b - the +12 plate armour "Daoroam" (worn) {rF- rC+++ Int+4}
   (You bought it in a shop on level 7 of the Dungeon)

   It affects your intelligence (+4).
   It makes you vulnerable to fire.
   It renders you almost immune to cold.
 i - a +2 pair of boots of running
 t - the -2 hat of the Alchemist (worn) {rElec rPois rF+ rC+ rN+ MR+ rMut rCorr}
   (You found it in the Desolation of Salt)

   It protects you from fire.
   It protects you from cold.
   It insulates you from electricity.
   It protects you from poison.
   It protects you from negative energy.
   It affects your resistance to hostile enchantments.
   It provides partial protection from all sources of acid and corrosion.
   It protects you from mutation.
 D - the +5 shield of Whack-A-Mole (worn) {Int+8 Dex+3 Stlth-}
   (Okawaru gifted it to you in a Gauntlet)

   It affects your intelligence (+8).
   It affects your dexterity (+3).
   It makes you less stealthy.
 M - the +3 pair of gauntlets of War (worn) {Slay+5}
   (You acquired it on level 4 of the Vaults)

   It affects your accuracy and damage with ranged weapons and melee attacks
   (+5).
 O - a scarf of resistance
 U - a scarf of repulsion (worn)
 V - the +0 pair of boots "Seostruz" (worn) {Dex+2 Stlth+}
   (You bought it in a shop on level 2 of the Orcish Mines)

   It affects your dexterity (+2).
   It makes you more stealthy.
Jewellery
 s - the amulet of the Four Winds (around neck) {rN+ MR+++ Clar}
   (You found it on level 5 of the Pits of Slime)

   [amulet of nothing]

   It protects you from negative energy.
   It affects your resistance to hostile enchantments.
   It protects you against confusion.
 x - the amulet "Lozuca" {Gourm Dex+4}
   (You found it on level 6 of the Dungeon)

   [amulet of the gourmand]

   It allows you to eat raw meat even when not hungry.
   It affects your dexterity (+4).
 y - the ring of the Establishment (left hand) {rC+ MR+ SInv}
   (You found it on level 4 of the Dungeon)

   [ring of protection from cold]

   It protects you from cold.
   It affects your resistance to hostile enchantments.
   It lets you see invisible.
 E - the ring "Siosmud" (right hand) {rElec rN+ Int+2 Dex+3}
   (You found it in a Gauntlet)

   [ring of dexterity]

   It affects your intelligence (+2).
   It affects your dexterity (+3).
   It insulates you from electricity.
   It protects you from negative energy.
 G - the ring of Incredulity {rF+ Int+2}
   (You found it in a Gauntlet)

   [ring of intelligence]

   It affects your intelligence (+2).
   It protects you from fire.
Wands
 m - a wand of flame (78)
 p - a wand of clouds (6)
 B - a wand of iceblast (11)
 C - a wand of random effects (56)
 I - a wand of disintegration (73)
 N - a wand of acid (23)
 Q - a wand of digging (5)
Scrolls
 g - 4 scrolls of magic mapping
 k - 20 scrolls of remove curse
 r - 3 scrolls of identify
 v - 21 scrolls of teleportation
 z - 2 scrolls of holy word
 A - 8 scrolls of enchant armour
 J - 6 scrolls of blinking
 L - 6 scrolls of fog
 P - 4 scrolls of immolation
 R - 4 scrolls of amnesia
 S - 2 scrolls of silence
 X - a scroll of summoning
 Y - 5 scrolls of fear
Potions
 a - 5 potions of resistance
 e - 15 potions of brilliance
 h - 6 potions of flight
 j - 6 potions of lignification
 l - 7 potions of might
 n - 17 potions of curing
 o - 11 potions of heal wounds
 q - 4 potions of agility
 u - 5 potions of cancellation
 w - 6 potions of invisibility
 F - 5 potions of mutation
 T - a potion of berserk rage
 W - a potion of ambrosia
 Z - a potion of haste
Comestibles
 f - 71 rations


   Skills:
 + Level 25.2 Fighting
 + Level 23.9 Axes
 * Level 26.3 Armour
 + Level 21.9 Dodging
 - Level 15.0 Shields
 - Level 11.8 Invocations


You had 26 spell levels left.
You didn't know any spells.
Your spell library contained the following spells:

 Spells                   Type           Power        Failure   Level  Hunger
 Confusing Touch          Hex            #.....       32%         1    ##.....
 Flame Tongue             Conj/Fire      #....        32%         1    ##.....
 Freeze                   Ice            #...         32%         1    ##.....
 Magic Dart               Conj           #...         32%         1    ##.....
 Sandblast                Erth           #.....       32%         1    ##.....
 Passwall                 Tmut/Erth      #.......     43%         2    ###....
 Searing Ray              Conj           #.....       43%         2    ###....
 Throw Frost              Conj/Ice       #.....       43%         2    ###....
 Confuse                  Hex            #.......     67%         3    ####...
 Dazzling Spray           Conj/Hex       #.....       67%         3    ####...
 Gell's Gravitas          Tloc           #.........   67%         3    ####...
 Ozocubu's Armour         Chrm/Ice       #.......     67%         3    ####...
 Portal Projectile        Hex/Tloc       #.....       67%         3    ####...
 Stone Arrow              Conj/Erth      #.....       67%         3    ####...
 Summon Guardian Golem    Hex/Summ       #.......     67%         3    ####...
 Cause Fear               Hex            #.........   97%         4    #####..
 Force Lance              Conj/Tloc      #.......     97%         4    #####..
 Fulminant Prism          Conj/Hex       #.........   97%         4    #####..
 Iskenderun's Mystic Bla  Conj           #.......     97%         4    #####..
 Leda's Liquefaction      Hex/Erth       #.........   97%         4    #####..
 Petrify                  Tmut/Erth      #.......     97%         4    #####..
 Summon Ice Beast         Ice/Summ       #.......     97%         4    #####..
 Throw Icicle             Conj/Ice       #.......     97%         4    #####..
 Lee's Rapid Deconstruct  Erth           #.........   100%        5    ######.
 Metabolic Englaciation   Hex/Ice        #.........   100%        5    ######.
 Silence                  Hex/Air        #.........   100%        5    ######.
 Summon Demon             Summ           #.........   100%        5    ######.
 Yara's Violent Unravell  Hex/Tmut       #.........   100%        5    ######.
 Bolt of Fire             Conj/Fire      #.........   100%        6    #######
 Deflect Missiles         Chrm/Air       #.........   100%        6    #######
 Dispersal                Tloc           #.........   100%        6    #######
 Dragon Form              Tmut           #.........   100%        7    #######
 Malign Gateway           Summ/Tloc      #.........   100%        7    #######
 Monstrous Menagerie      Summ           #.........   100%        7    #######
 Summon Greater Demon     Summ           #.........   100%        7    #######
 Controlled Blink         Tloc           N/A          100%        8    #######
 Discord                  Hex            #.........   100%        8    #######
 Disjunction              Tloc           #.........   100%        8    #######
 Summon Horrible Things   Summ           #.........   100%        8    #######
 Dragon's Call            Summ           #.........   100%        9    #######


Dungeon Overview and Level Annotations

Branches:
Dungeon (15/15)            Temple (1/1) D:4            Lair (6/6) D:11
  Swamp (4/4) Lair:4        Snake (4/4) Lair:4        Slime (5/5) Lair:5
    Orc (2/2) D:10            Elf (0/3) Orc:2        Vaults (4/5) D:14
  Crypt (0/3) Vaults:2     Depths (5/5) D:15            Zot (5/5) Depths:5

Altars:
Ashenzari
Cheibriados
Dithmenos
Elyvilon
Fedhas
Gozag
Hepliaklqana
Kikubaaqudgha
Makhleb
Nemelex Xobeh
Okawaru
Qazlal
Ru
Sif Muna
Trog
Uskayaw
Vehumet
Wu Jian
Xom
Yredelemnul
Zin
The Shining One
Beogh
Jiyva

Shops:
D:7 *?   D:15 (   Orc:2 [:([?[}?   Snake:1 [}   Vaults:1 =   Vaults:2 [
Vaults:4 !   Depths:1 %(:!

Portals:
Hell: Depths:1 Depths:2 Depths:3 Depths:4 Depths:5
Abyss: Depths:4
Pandemonium: Depths:3
Ziggurat: Depths:3

Annotations:
Lair:4 exclusion: oklob plant
Vaults:2 3 runed translucent doors, theMacoje's ghost, adept OgEn
Vaults:3 3 runed translucent doors, Ugguttuj's ghost, veteran DrWn
Depths:2 2 transporters, sergedm's ghost, adept DECj


Innate Abilities, Weirdness & Mutations

You reflexively headbutt those who attack you in melee.
You have a pair of horns on your head.
Your natural rate of healing is unusually fast.
You are robust. (+10% HP)
You are resistant to electric shocks. (rElec)


Message History

As you read the scroll of teleportation, it crumbles to dust.
You feel strangely unstable.
You feel the Orb delaying your translocation!
The orb of fire glows deep purple.
The bolt of fire hits you!!!
The orb of fire glows yellow.
The fireball explodes!
The fireball engulfs you!!!
* * * LOW HITPOINT WARNING * * *
The orb of fire glows red.
The fireball explodes!
The fireball engulfs you!!
* * * LOW HITPOINT WARNING * * *
You hear a shout!
Okay, then.
You feel much better.
The orb of fire glows bright magenta.
The fireball explodes!
The fireball engulfs you!!!
* * * LOW HITPOINT WARNING * * *
The orb of fire glows deep purple.
The bolt of fire hits you!
You die...

*▓▓▓▓*********
*▓▓▓....,,,,,,,,,
▓▓...^.}.,,,,,,,,,
▓▓......^.,,,,,,,,,
▓.........,,,,,,,,,
▓.@...*...,,,,,,,,,
▓▓........,,,,,,,,,
▓▓.......,,,,,,,,,
*▓......,,,,,,,,,
**,......,,,,,,,,,
**,,...*..,,,,,,,,,
*,,,...?..,,,,,,,,,
*,,,,.....,,,,,,,,,
**,,,,,,,,,,,,,,,,,


You could see 2 orbs of fire.

Vanquished Creatures
  the Royal Jelly (Slime:5)
  Mara (Vaults:4)
  3 ancient liches
  A juggernaut (Depths:3)
  7 Killer Klowns
  Xtahua (Depths:5)
  3 caustic shrikes (Depths:4)
  7 golden dragons
  Nikola (Swamp:2)
  3 curse toes
  A bone dragon (Depths:5)
  2 electric golems
  A hellephant (Zot:3)
  Rupert (Lair:3)
  12 tentacled monstrosities
  4 liches
  13 acid blobs
  8 quicksilver dragons
  Frances (Swamp:2)
  A sphinx (Vaults:3)
  9 death cobs
  A tentacled starspawn (Abyss:1)
  6 shadow dragons
  2 thorn hunters
  4 storm dragons
  A tengu reaver (Vaults:3)
  4 draconian monks
  A revenant (Vaults:2)
  10 fire giants
  Roxanne (Swamp:2)
  The ghost of Rygut the Fighter, a journeyman DrFi of Ashenzari (Orc:1)
  9 azure jellies
  An imperial myrmidon (Desolation)
  A deep elf sorcerer (Vaults:1)
  3 draconian scorchers
  2 frost giants (Depths:4)
  10 nagarajas
  6 vault wardens
  3 ghost moths
  2 iron dragons (Zot:4)
  2 orc warlords
  4 draconian knights
  3 draconian shifters (Zot:1)
  3 draconian annihilators
  2 spriggan defenders (Depths:4)
  11 ironheart preservers
  2 angels (Vaults:2)
  12 stone giants
  5 draconian stormcallers (Zot:4)
  2 entropy weavers (Vaults:4)
  38 very ugly things
  12 green draconians
  Nessos (D:13)
  9 black draconians
  2 dire elephants (Zot:3)
  2 vampire knights
  8 purple draconians
  A caustic shrike skeleton (Depths:3)
  10 yellow draconians
  11 red draconians
  2 halazid warlocks (Desolation)
  A minotaur (Gauntlet)
  8 spark wasps
  4 white draconians
  An orange crystal statue (WizLab)
  31 ettins
  A green death (Depths:2)
  A blizzard demon (Depths:3)
  4 crystal guardians
  3 death oozes (Slime:5)
  12 yaktaur captains
  17 ogre magi
  17 fire dragons
  6 ragged hierophants (Desolation)
  8 great orbs of eyes
  5 vault guards
  16 naga warriors
  8 servants of whispers (Desolation)
  8 rakshasas
  21 hydras
  4 spriggan air magi
  4 catoblepae
  9 ice dragons
  3 shambling mangroves
  8 peacekeepers (Desolation)
  9 centaur warriors
  16 anacondas
  A death knight (Vaults:1)
  51 two-headed ogres
  10 alligators
  A vampire mage (Abyss:1)
  3 death yaks (Depths:3)
  3 deep troll earth magi
  10 tengu warriors
  6 deep troll shamans
  5 orc high priests (Orc:2)
  9 naga sharpshooters
  8 shock serpents
  3 spriggan berserkers
  A sun demon (Depths:2)
  3 wretched stars (Abyss:1)
  2 shadow wraiths (Vaults:3)
  A skeletal warrior (D:13)
  4 iron trolls
  A storm dragon skeleton (Depths:4)
  A sixfirhy (Depths:3)
  23 hell knights
  2 unseen horrors (shapeshifter)
  2 unseen horrors
  A spriggan druid (Swamp:4)
  A fire crab (Lair:6)
  7 naga ritualists
  10 swamp dragons
  4 wizards
  4 glowing orange brains
  2 flayed ghosts
  A harpy (shapeshifter) (Depths:3)
  30 deep trolls
  14 necromancers
  2 sphinx zombies (Depths:3)
  4 deep elf archers
  3 wolf spiders
  12 ironbrand convokers
  10 orc knights
  11 mana vipers
  7 deep elf magi
  6 cyclopes
  55 ugly things
  An iron dragon zombie (Depths:4)
  A manticore (shapeshifter) (Depths:4)
  2 tengu skeletons (Depths:1)
  5 orc sorcerers
  A sphinx skeleton (Depths:4)
  2 iron dragon skeletons
  3 shining eyes
  3 salamanders (shapeshifter)
  21 moths of wrath
  2 elephants (Zot:3)
  A spriggan zombie (Depths:1)
  6 guardian serpents
  8 salamanders
  3 rust devils
  14 naga magi
  9 vault sentinels
  38 black mambas
  A centaur zombie (D:10)
  A gargoyle (D:10)
  16 spiny frogs
  2 smoke demons
  4 molten gargoyles
  An orange demon (Depths:2)
  A rime drake (Lair:4)
  2 yaktaur zombies
  An ice devil (Depths:2)
  A hellion (Depths:2)
  An efreet (D:15)
  10 komodo dragons
  A komodo dragon (shapeshifter) (Vaults:3)
  30 yaktaurs
  3 tengu conjurers
  5 freezing wraiths
  3 polar bears
  A hellwing (Depths:2)
  A guardian mummy (Zot:4)
  2 red devils
  10 trolls
  A jumping spider (Vaults:4)
  A queen bee (shapeshifter) (Depths:1)
  A polar bear (shapeshifter) (Vaults:1)
  43 saltlings (Desolation)
  20 hornets
  5 bog bodies
  A meliai (shapeshifter) (Vaults:3)
  4 tyrant leeches
  A sphinx simulacrum (Vaults:2)
  Grinder (D:5)
  64 slime creatures
  A blink frog (shapeshifter) (Depths:4)
  12 hippogriffs
  5 dream sheep (Lair:5)
  9 blink frogs
  A meliai zombie (D:12)
  6 flying skulls
  5 shadows
  12 spriggans
  4 redbacks (Vaults:4)
  2 tarantellas (Vaults:4)
  2 water elementals
  A ynoxinul (Gauntlet)
  36 yaks
  A wraith (D:13)
  4 wyverns
  2 yaks (shapeshifter)
  A basilisk (shapeshifter) (Vaults:2)
  3 golden eyes (Slime:5)
  5 basilisks
  25 humans
  4 hogs (D:7)
  5 hungry ghosts
  A golden eye (shapeshifter) (Vaults:3)
  A human (shapeshifter) (Vaults:2)
  5 steam dragons
  A redback simulacrum (D:13)
  71 nagas
  2 chaos spawn
  Menkaure (D:5)
  4 large abominations
  25 vampire mosquitoes
  2 soldier ants
  15 swamp worms
  14 insubstantial wisps
  25 wargs
  An acid dragon (Vaults:1)
  5 hell hounds (Lair:6)
  10 water moccasins
  49 orc warriors
  3 black bears
  7 ice beasts
  6 porcupines
  18 swamp drakes
  4 sky beasts
  5 phantoms
  36 ogres
  3 eyes of draining
  5 necrophages
  3 wolves (Lair:5)
  4 small abominations (Gauntlet)
  7 crocodiles
  15 centaurs
  2 elf zombies
  12 bullfrogs
  2 big kobolds
  A wyvern skeleton (D:13)
  2 wyvern zombies
  8 scorpions
  7 killer bees
  2 oklob saplings (D:10)
  11 wights
  3 electric eels
  13 crimson imps
  5 lava snakes (Lair:6)
  A bullfrog zombie (D:11)
  2 quasits
  12 hounds
  6 human zombies
  2 jellies (D:13)
  37 orc wizards
  6 bullfrog skeletons
  31 orc priests
  2 human skeletons
  2 iron imps (Gauntlet)
  Jessica (D:2)
  6 centaur skeletons
  5 iguanas
  Terence (D:2)
  19 worker ants
  An ogre zombie (D:7)
  A hound zombie (D:3)
  A howler monkey zombie (D:7)
  A worker ant zombie (D:7)
  A howler monkey skeleton (D:5)
  4 gnolls (D:3)
  18 adders
  3 shadow imps
  2 white imps (D:9)
  3 worker ant simulacra (D:9)
  4 ufetubi (D:9)
  An ooze (D:4)
  3 adder zombies
  3 worms
  5 dart slugs
  5 leopard geckos
  168 orcs
  7 ball pythons
  10 bats
  8 giant cockroaches
  9 goblins
  3 hobgoblins
  9 jackals
  16 kobolds
  3 quokkas
  7 frilled lizards
  A giant cockroach zombie (D:4)
  A jackal skeleton (D:4)
  An orc skeleton (D:7)
  An orc zombie (D:7)
  A quokka zombie (D:5)
  10 rats
  A butterfly (D:12)
  20 plants
2236 creatures vanquished.

Vanquished Creatures (others)
  A fire giant (Depths:3)
  A manticore (D:13)
  A naga mage (Snake:2)
  A saltling (Desolation)
  2 ogres (Vaults:3)
  A lurking horror (Abyss:1)
  7 plants
  4 starspawn tentacles (Abyss:1)
  5 toadstools (Swamp:2)
23 creatures vanquished.

Grand Total: 2259 creatures vanquished

Notes
Turn   | Place    | Note
-------+----------+-------------------------------------------
     0 | D:1      | matthes123 the Minotaur Fighter began the quest for the
                  | Orb.
     0 | D:1      | Reached XP level 1. HP: 19/19 MP: 0/0
     2 | D:1      | Noticed an elf
     2 | D:1      | Noticed a vine stalker
     4 | D:1      | Noticed a dwarf
     4 | D:1      | Noticed a felid
     6 | D:1      | Noticed a centaur
     6 | D:1      | Noticed a tengu
     8 | D:1      | Noticed a ghoul
    10 | D:1      | Noticed a naga
    10 | D:1      | Noticed a vampire
    12 | D:1      | Noticed a demonspawn
    12 | D:1      | Noticed a halfling
    14 | D:1      | Noticed a spriggan
    14 | D:1      | Noticed a troll
    16 | D:1      | Noticed a demigod
    16 | D:1      | Noticed a formicid
    18 | D:1      | Noticed an ogre
    20 | D:1      | Noticed a gargoyle
    22 | D:1      | Noticed a human
    22 | D:1      | Noticed an octopode
    24 | D:1      | Noticed a minotaur
    24 | D:1      | Noticed a merfolk
    26 | D:1      | Noticed a draconian
   129 | D:1      | Reached XP level 2. HP: 24/27 MP: 1/1
   443 | D:1      | Reached XP level 3. HP: 33/33 MP: 2/2
   874 | D:2      | Found a hide-covered altar of Uskayaw.
   934 | D:2      | Noticed Jessica
   949 | D:2      | Killed Jessica
   949 | D:2      | Reached XP level 4. HP: 19/41 MP: 3/3
  1259 | D:2      | Noticed Terence
  1271 | D:2      | Killed Terence
  1271 | D:2      | Reached skill level 5 in Axes
  1412 | D:3      | Reached XP level 5. HP: 41/47 MP: 4/4
  1423 | D:3      | Reached skill level 5 in Fighting
  1802 | D:3      | Noticed a moth of wrath
  1805 | D:3      | Found a bloodstained altar of Trog.
  2199 | D:4      | Found a staircase to the Ecumenical Temple.
  2216 | Temple   | Entered the Ecumenical Temple
  2370 | D:4      | Reached XP level 6. HP: 56/56 MP: 5/5
  2582 | D:4      | Got a flickering pewter ring
  2640 | D:4      | Found a glowing silver altar of Zin.
  2641 | D:4      | Noticed an angel
  2692 | D:4      | Found a shadowy altar of Dithmenos.
  2954 | D:5      | Entered Level 5 of the Dungeon
  3072 | D:5      | Reached XP level 7. HP: 63/63 MP: 6/6
  3116 | D:5      | Identified the ring of the Establishment {rC+ MR+ SInv}
                  | (You found it on level 4 of the Dungeon)
  3254 | D:5      | Noticed Grinder
  3257 | D:5      | Found a basalt altar of Yredelemnul.
  3264 | D:5      | Killed Grinder
  3300 | D:5      | Identified the cursed +0 robe of the Tick {*Corrode rC-
                  | Str+2 Int+6}
  3312 | D:5      | Reached XP level 8. HP: 61/73 MP: 7/7
  3436 | D:5      | Noticed Menkaure
  3442 | D:5      | Killed Menkaure
  3488 | D:5      | Reached skill level 10 in Axes
  4146 | D:6      | Got a transparent sapphire amulet
  4179 | D:6      | Identified the amulet "Lozuca" {Gourm Dex+4} (You found it
                  | on level 6 of the Dungeon)
  4307 | D:6      | Got a transparent shield
  4318 | D:6      | Identified the cursed -6 shield of the Arcane {Str+4} (You
                  | found it on level 6 of the Dungeon)
  4569 | D:7      | Reached XP level 9. HP: 39/83 MP: 8/8
  4931 | D:7      | Noticed an orc warlord
  5279 | D:7      | Found Lawagg's Magic Scroll Emporium.
  5307 | D:7      | Found Jemp's Assorted Antiques.
  5398 | D:7      | Killed an orc warlord
  5398 | D:7      | Reached skill level 10 in Fighting
  5398 | D:7      | Reached XP level 10. HP: 46/94 MP: 9/9
  5824 | D:7      | Found a shattered altar of Ashenzari.
  5824 | D:7      | Found an ancient bone altar of Kikubaaqudgha.
  5825 | D:7      | Found an iron altar of Okawaru.
  5833 | D:7      | Became a worshipper of Warmaster Okawaru
  5905 | D:7      | Found a glowing golden altar of the Shining One.
  6437 | D:7      | Noticed a cyclops
  6763 | D:7      | Reached * piety under Okawaru
  6890 | D:7      | Reached skill level 5 in Shields
  6920 | D:7      | Reached ** piety under Okawaru
  7051 | D:7      | Found Cufrofae's Food Shop.
  7598 | D:7      | Reached skill level 15 in Axes
  7725 | D:7      | Found an ancient bone altar of Kikubaaqudgha.
  8097 | D:8      | Reached *** piety under Okawaru
  8097 | D:8      | Reached XP level 11. HP: 98/104 MP: 10/10
  8267 | D:8      | Found a stormy altar of Qazlal.
  8506 | D:8      | Noticed a two-headed ogre
  8511 | D:8      | Killed a two-headed ogre
  8834 | D:9      | Found a burning altar of Makhleb.
  8931 | D:9      | Found a sacrificial altar of Ru.
  8982 | D:9      | Reached skill level 1 in Invocations
  9353 | D:9      | Reached **** piety under Okawaru
  9354 | D:9      | Found a blossoming altar of Fedhas.
  9638 | D:10     | Entered Level 10 of the Dungeon
  9690 | D:10     | Found a staircase to the Orcish Mines.
 10281 | D:10     | Found a roughly hewn altar of Beogh.
 10286 | D:10     | Reached ***** piety under Okawaru
 10512 | D:10     | Got a transparent scale mail
 10523 | D:10     | Identified the +3 scale mail of Least Resistance {Dex+2}
                  | (You found it on level 10 of the Dungeon)
 10859 | D:10     | Found a blossoming altar of Fedhas.
 10877 | D:10     | Paralysed by a hornet for 3 turns
 11244 | D:10     | Found a portal to a secret trove of treasure.
 11455 | D:11     | Reached XP level 12. HP: 35/113 MP: 11/13
 12023 | D:11     | Found a staircase to the Lair.
 12505 | D:11     | Noticed a four-headed hydra
 12846 | Lair:1   | Entered Level 1 of the Lair of Beasts
 13340 | D:7      | Bought a dazzling plate armour for 784 gold pieces
 13340 | D:7      | Bought a scroll labeled MIH ATIMANA for 28 gold pieces
 13351 | D:7      | Identified the +12 plate armour "Daoroam" {rF- rC+++ Int+4}
                  | (You bought it in a shop on level 7 of the Dungeon)
 13970 | Lair:2   | Found a gate leading to a gauntlet.
 14008 | Lair:2   | Reached skill level 4 in Armour
 14008 | Lair:2   | Reached skill level 5 in Invocations
 14025 | Gauntlet | Entered a Gauntlet
 14025 | Gauntlet | Found a large runed translucent door.
 14025 | Gauntlet | Found a large runed translucent door.
 14025 | Gauntlet | Found a large runed translucent door.
 14025 | Gauntlet | Found a transporter.
 14025 | Gauntlet | Found a large runed translucent door.
 14025 | Gauntlet | Found a runed translucent door.
 14025 | Gauntlet | Found a large runed translucent door.
 14025 | Gauntlet | Found a large runed translucent door.
 14025 | Gauntlet | Found a large runed translucent door.
 14025 | Gauntlet | Found a large runed translucent door.
 14025 | Gauntlet | Found a runed translucent gate.
 14025 | Gauntlet | Found a runed translucent gate.
 14025 | Gauntlet | Found a transporter.
 14025 | Gauntlet | Found a transporter.
 14028 | Gauntlet | Found a runed translucent door.
 14028 | Gauntlet | Found a runed translucent gate.
 14031 | Gauntlet | Found a large runed translucent door.
 14031 | Gauntlet | Found a large runed translucent door.
 14031 | Gauntlet | Found a large runed translucent door.
 14031 | Gauntlet | Found a large runed translucent door.
 14032 | Gauntlet | Found a large runed translucent door.
 14033 | Gauntlet | Found a large runed translucent door.
 14036 | Gauntlet | Found a large runed translucent door.
 14036 | Gauntlet | Found a large runed translucent door.
 14047 | Gauntlet | Found a transporter.
 14060 | Gauntlet | Found a transporter.
 14063 | Gauntlet | Found a transporter.
 14064 | Gauntlet | Noticed a death ooze
 14076 | Gauntlet | Found a transporter.
 14088 | Gauntlet | Noticed a reaper
 14095 | Gauntlet | Found a transporter.
 14111 | Gauntlet | Found a transporter.
 14114 | Gauntlet | Found a transporter.
 14122 | Gauntlet | Found a transporter.
 14125 | Gauntlet | Found a transporter.
 14237 | Gauntlet | Received a gift from Okawaru
 14240 | Gauntlet | Got a fine shield {god gift}
 14303 | Gauntlet | Identified the +5 shield of Whack-A-Mole {Int+8 Dex+3
                  | Stlth-} (Okawaru gifted it to you in a Gauntlet)
 14375 | Gauntlet | Got a crude wooden ring
 14376 | Gauntlet | Identified the ring "Siosmud" {rElec rN+ Int+2 Dex+3} (You
                  | found it in a Gauntlet)
 14410 | Gauntlet | Got a steaming pewter ring
 14414 | Gauntlet | Identified the ring of Incredulity {rF+ Int+2} (You found
                  | it in a Gauntlet)
 14454 | Gauntlet | Noticed a minotaur
 14471 | Gauntlet | Killed a minotaur
 14471 | Gauntlet | Reached skill level 5 in Armour
 14568 | Lair:2   | Noticed a catoblepas
 14580 | Lair:2   | Killed a catoblepas
 14850 | Lair:2   | Noticed Sonja
 14871 | Lair:2   | Cast into level 1 of the Abyss (Sonja)
 14964 | Abyss:1  | Noticed a vampire mage
 14971 | Abyss:1  | Killed a vampire mage
 15013 | Abyss:1  | Reached skill level 10 in Shields
 15041 | Abyss:1  | Noticed a tentacled starspawn
 15056 | Abyss:1  | Killed a tentacled starspawn
 15056 | Abyss:1  | Reached skill level 6 in Armour
 15074 | Abyss:1  | Reached XP level 13. HP: 84/123 MP: 9/16
 15114 | Lair:2   | Escaped the Abyss
 15350 | Lair:2   | Noticed Sonja
 15350 | Lair:2   | Sonja changed into Sonja the spriggan
 15358 | Lair:2   | Killed Sonja the spriggan
 15872 | Lair:3   | Received a gift from Okawaru
 15980 | Lair:3   | Got translucent pearl dragon scales {god gift}
 15991 | Lair:3   | Identified the +3 pearl dragon scales of the Solstice {rN+
                  | Int+6 Slay+3} (Okawaru gifted it to you on level 3 of the
                  | Lair of Beasts)
 16018 | Lair:3   | Noticed Rupert
 16039 | Lair:3   | Killed Rupert
 16197 | Lair:3   | Reached skill level 7 in Armour
 17123 | Lair:4   | You fall through a shaft for 2 floors!
 17123 | Lair:6   | Entered Level 6 of the Lair of Beasts
 17136 | Lair:6   | Identified the +3 ring mail of Evolution {rElec rC+} (You
                  | found it on level 6 of the Lair of Beasts)
 17239 | Lair:4   | Found a staircase to the Snake Pit.
 17305 | Lair:4   | Found a staircase to the Swamp.
 17969 | Lair:5   | Identified a scroll of acquirement
 18207 | Lair:5   | Found a staircase to the Slime Pits.
 18207 | Lair:5   | Found a viscous altar of Jiyva.
 18241 | Lair:5   | Received a gift from Okawaru
 18894 | Lair:6   | Reached XP level 14. HP: 59/133 MP: 11/19
 18898 | Lair:6   | Reached skill level 15 in Fighting
 19293 | Lair:6   | Found a large runed translucent door.
 19405 | Lair:6   | Received a gift from Okawaru
 19740 | Lair:6   | Found a large runed translucent door.
 20410 | Lair:6   | Received a gift from Okawaru
 20413 | Lair:6   | Got a scorched broad axe {god gift}
 20414 | Lair:6   | Identified the +2 broad axe of the Turnip {vamp, Int+7}
                  | (Okawaru gifted it to you on level 6 of the Lair of Beasts)
 20964 | Orc:1    | Entered Level 1 of the Orcish Mines
 21133 | Orc:2    | Entered Level 2 of the Orcish Mines
 21133 | Orc:2    | Found Raduz's Magic Scroll Shoppe.
 21376 | Orc:2    | Bought a scroll of acquirement for 780 gold pieces
 21382 | Orc:2    | Got a pitted hat
 21388 | Orc:2    | Identified the +2 hat of the Pits of Slime {+Blink rPois}
                  | (You acquired it on level 2 of the Orcish Mines)
 21391 | Orc:2    | Found Hiuh's Gadget Boutique.
 21445 | Orc:2    | Noticed an orc warlord
 21505 | Orc:2    | Killed an orc warlord
 21543 | Orc:2    | Reached skill level 10 in Invocations
 21563 | Orc:2    | Reached skill level 8 in Armour
 21750 | Orc:2    | Found Pycy's Weapon Shop.
 21750 | Orc:2    | Found Kuenenea's Book Shop.
 21751 | Orc:2    | Found Vogoanu's Armour Boutique.
 21756 | Orc:2    | Found Jocwor's Magic Scroll Boutique.
 21770 | Orc:2    | Bought a scroll of blinking for 97 gold pieces
 21835 | Orc:2    | Found Moysihua's Armour Shoppe.
 21836 | Orc:2    | Found Kezxumil's Antique Armour Boutique.
 21886 | Orc:2    | Found a staircase to the Elven Halls.
 22116 | Orc:1    | Found a runed translucent door.
 22116 | Orc:1    | Noticed Rygut's ghost (journeyman DrFi)
 22167 | Orc:1    | Killed Rygut's ghost
 22167 | Orc:1    | Received a gift from Okawaru
 22974 | D:12     | Reached XP level 15. HP: 144/144 MP: 21/21
 23021 | D:12     | Found a runed translucent door.
 23022 | D:12     | Found a runed translucent door.
 23200 | D:12     | Reached skill level 9 in Armour
 23388 | D:13     | Noticed Nessos
 23430 | D:13     | Killed Nessos
 24433 | Orc:2    | Bought a glowing cloak for 202 gold pieces
 24433 | Orc:2    | Bought a pair of pitted boots for 256 gold pieces
 24443 | Orc:2    | Identified the cursed +0 pair of boots "Seostruz" {Dex+2
                  | Stlth+} (You bought it in a shop on level 2 of the Orcish
                  | Mines)
 24696 | D:14     | Found a white marble altar of Elyvilon.
 24844 | D:14     | Received a gift from Okawaru
 24881 | D:14     | Found a gate to the Vaults.
 25009 | D:14     | Reached skill level 10 in Armour
 25157 | D:15     | Entered Level 15 of the Dungeon
 25157 | D:15     | Found a stormy altar of Qazlal.
 25437 | D:15     | Reached ****** piety under Okawaru
 25744 | D:15     | Found Jutef's Weapon Shoppe.
 25875 | D:15     | Found a staircase to the Depths.
 26254 | Snake:1  | Entered Level 1 of the Snake Pit
 26310 | Snake:1  | Received a gift from Okawaru
 26397 | Snake:1  | Reached skill level 11 in Armour
 26532 | Snake:1  | Reached XP level 16. HP: 155/155 MP: 23/23
 26545 | Snake:1  | Got a spiked chain mail
 26556 | Snake:1  | Identified the cursed +1 chain mail "Ciggurph" {Dex+4} (You
                  | found it on level 1 of the Snake Pit)
 26610 | Snake:1  | Reached skill level 15 in Shields
 26635 | Snake:1  | Reached skill level 1 in Dodging
 26769 | Snake:1  | Received a gift from Okawaru
 26810 | Snake:1  | Found Turoonua's Gadget Shoppe.
 26914 | Snake:1  | Found Qyakorch's Antique Armour Emporium.
 26928 | Snake:1  | Bought a pair of runed boots for 285 gold pieces
 27252 | Snake:2  | Reached skill level 5 in Dodging
 27961 | Snake:3  | Reached skill level 12 in Armour
 28332 | Snake:3  | Got a ruby-encrusted chain mail
 28343 | Snake:3  | Identified the +4 chain mail of Integrity {Int-4 Dex+6}
                  | (You found it on level 3 of the Snake Pit)
 28838 | Snake:4  | Entered Level 4 of the Snake Pit
 28854 | Snake:4  | Received a gift from Okawaru
 29185 | Snake:4  | Reached XP level 17. HP: 165/165 MP: 24/24
 29563 | Snake:4  | Got a twitching lead ring
 29718 | Snake:4  | Reached skill level 13 in Armour
 29733 | Snake:4  | Received a gift from Okawaru
 29793 | Snake:4  | Identified the ring of Neurosis {*Tele +Fly rC+ Int+5} (You
                  | found it on level 4 of the Snake Pit)
 29866 | Snake:4  | Got a serpentine rune of Zot
 30098 | Snake:4  | Reached skill level 10 in Dodging
 30245 | Swamp:1  | Entered Level 1 of the Swamp
 30786 | Swamp:1  | Identified the cursed +1 ring mail of Fortification {Str+8
                  | Dex-3} (You found it on level 1 of the Swamp)
 30971 | Swamp:2  | Noticed Nikola
 30986 | Swamp:2  | Killed Nikola
 31275 | Swamp:2  | Identified Roxanne's Guide on the Rocks
 31275 | Swamp:2  | Noticed Roxanne
 31300 | Swamp:2  | Killed Roxanne
 31432 | Swamp:2  | Noticed Frances
 31447 | Swamp:2  | Killed Frances
 31930 | Swamp:3  | Received a gift from Okawaru
 32455 | Swamp:4  | Entered Level 4 of the Swamp
 32463 | Swamp:4  | Reached XP level 18. HP: 162/176 MP: 25/25
 32465 | Swamp:4  | Reached skill level 14 in Armour
 32681 | Swamp:4  | Got a decaying rune of Zot
 33509 | Vaults:1 | Entered Level 1 of the Vaults
 33539 | Vaults:1 | Received a gift from Okawaru
 33662 | Vaults:1 | Found a magical portal.
 33710 | WizLab   | Entered Wucad Mu's Monastery
 33849 | WizLab   | Found the +9 staff of Wucad Mu {channel}
 34001 | WizLab   | Reached skill level 15 in Armour
 34001 | WizLab   | Reached XP level 19. HP: 184/184 MP: 26/26
 34193 | Vaults:1 | Found Jerchiesch's Jewellery Shoppe.
 34391 | Vaults:1 | Received a gift from Okawaru
 35094 | Vaults:2 | Reached skill level 15 in Dodging
 35166 | Vaults:2 | Reached XP level 20. HP: 193/193 MP: 27/27
 35201 | Vaults:2 | Found a glowing silver altar of Zin.
 35201 | Vaults:2 | Found a white marble altar of Elyvilon.
 35221 | Vaults:2 | Found a runed translucent gate.
 35221 | Vaults:2 | Found a runed translucent gate.
 35221 | Vaults:2 | Found an ancient bone altar of Kikubaaqudgha.
 35221 | Vaults:2 | Found a runed translucent gate.
 35221 | Vaults:2 | Noticed an ancient lich
 35221 | Vaults:2 | Noticed an ancient lich
 35221 | Vaults:2 | Noticed an ancient lich
 35222 | Vaults:2 | Noticed theMacoje's ghost (adept OgEn)
 35259 | Vaults:2 | Found Zeled's Armour Emporium.
 35583 | Vaults:2 | Found a glowing golden altar of the Shining One.
 35584 | Vaults:2 | Found a ruined gateway.
 35633 | Vaults:2 | Reached skill level 16 in Armour
 35650 | Desolati | Entered the Desolation of Salt
 35664 | Desolati | Received a gift from Okawaru
 35810 | Desolati | Got a faintly glowing golden amulet
 35811 | Desolati | Identified the amulet of Sunored {Gourm rPois rC+} (You
                  | found it in the Desolation of Salt)
 35816 | Desolati | Got a fine amber ring
 36079 | Desolati | Received a gift from Okawaru
 36230 | Desolati | Identified the ring of Fageerph {Fire Str+3} (You found it
                  | in the Desolation of Salt)
 36383 | Desolati | Found the +7 captain's cutlass {speed, disarm}
 36401 | Desolati | Found the -2 hat of the Alchemist {rElec rPois rF+ rC+ rN+
                  | MR+ rMut rCorr}
 36424 | Desolati | Got a heavily runed crystal amulet
 36428 | Desolati | Got a brightly glowing lead ring
 36502 | Desolati | Identified the amulet of Divine Intervention {Inacc rPois
                  | MR+ Int-3} (You found it in the Desolation of Salt)
 36507 | Desolati | Identified the ring of the Invisible Demons {+Fly Stlth+}
                  | (You found it in the Desolation of Salt)
 37221 | Vaults:2 | Found a staircase to the Crypt.
 37544 | Vaults:3 | Reached skill level 17 in Armour
 37675 | Vaults:3 | Found a runed translucent gate.
 37675 | Vaults:3 | Found an ancient bone altar of Kikubaaqudgha.
 37675 | Vaults:3 | Found a runed translucent gate.
 37675 | Vaults:3 | Found a runed translucent gate.
 37675 | Vaults:3 | Noticed an ancient lich
 37675 | Vaults:3 | Noticed an ancient lich
 37675 | Vaults:3 | Noticed Ugguttuj's ghost (veteran DrWn)
 37731 | Vaults:3 | Reached XP level 21. HP: 204/204 MP: 28/28
 37800 | Vaults:3 | Received a gift from Okawaru
 38164 | Vaults:3 | Killed an ancient lich
 38192 | Vaults:3 | Received a gift from Okawaru
 38202 | Vaults:3 | Killed an ancient lich
 38202 | Vaults:3 | Reached skill level 18 in Armour
 38820 | Vaults:4 | Received a gift from Okawaru
 39159 | Vaults:4 | Found Waaph's Distillery.
 39302 | Vaults:4 | Found the +3 pair of gauntlets of War {Slay+5}
 39438 | Vaults:4 | Noticed Mara
 39456 | Vaults:4 | Noticed matthes123's illusion
 39465 | Vaults:4 | Killed Mara
 39465 | Vaults:4 | Received a gift from Okawaru
 39822 | Depths:1 | Entered Level 1 of the Depths
 39822 | Depths:1 | Found Axzus's Book Emporium.
 39887 | Depths:1 | Reached skill level 19 in Armour
 39926 | Depths:1 | Reached XP level 22. HP: 215/215 MP: 23/29
 39946 | Depths:1 | Found a gateway to Hell.
 39952 | Depths:1 | Found Catetuwo's Antique Weapon Emporium.
 40169 | Depths:1 | Received a gift from Okawaru
 40466 | Depths:1 | Found Beang's Food Shop.
 40643 | Depths:1 | Found Jerats's Distillery.
 40646 | Depths:1 | Bought a potion of heal wounds for 70 gold pieces
 40768 | Depths:1 | Received a gift from Okawaru
 40830 | Depths:2 | Noticed a juggernaut
 40843 | Depths:2 | Noticed sergedm's ghost (adept DECj)
 40849 | Depths:2 | Found a transporter.
 40854 | Depths:2 | Found a transporter.
 40855 | Depths:2 | Found a bloodstained altar of Trog.
 40857 | Depths:2 | Identified the +4 rapier of Dissent {freeze, *Drain rElec
                  | rF+ MR+}
 40921 | Depths:2 | Identified the cursed ring of Zin's Righteous Fury {rF+++
                  | Str-3 Dex-2 Slay-3 SInv}
 40922 | Depths:2 | Identified the +6 rapier "Seul" {pierce, *Drain Str+2
                  | Int+3}
 41013 | Depths:2 | Received a gift from Okawaru
 41015 | Depths:2 | Reached skill level 20 in Armour
 41065 | Depths:2 | Received a gift from Okawaru
 41883 | Depths:3 | Found a gateway to a ziggurat.
 41929 | Depths:3 | Received a gift from Okawaru
 41970 | Depths:3 | Found a shattered altar of Ashenzari.
 42471 | Depths:3 | Found a one-way gate leading to the halls of Pandemonium.
 42581 | Depths:3 | Reached XP level 23. HP: 222/224 MP: 30/30
 42583 | Depths:3 | Received a gift from Okawaru
 42599 | Depths:3 | Reached skill level 21 in Armour
 42830 | Depths:3 | Received a gift from Okawaru
 42841 | Depths:3 | Got a pair of shimmering gloves {god gift}
 42852 | Depths:3 | Identified the +3 pair of gloves "Uggunu" {rCorr Str-2
                  | Int+2 Dex+5} (Okawaru gifted it to you on level 3 of the
                  | Depths)
 42888 | Depths:3 | Noticed a juggernaut
 42902 | Depths:3 | Killed a juggernaut
 43006 | Depths:4 | Noticed a caustic shrike
 43009 | Depths:4 | Noticed a caustic shrike
 43030 | Depths:4 | Killed a caustic shrike
 43036 | Depths:4 | Noticed a caustic shrike
 43045 | Depths:4 | Killed a caustic shrike
 43054 | Depths:4 | Killed a caustic shrike
 43110 | Depths:4 | Received a gift from Okawaru
 43413 | D:10     | You paid a toll of a +6 demon trident to enter a treasure
                  | trove
 43414 | Trove    | Entered a treasure trove
 43500 | Trove    | Identified a +1 pair of boots of running (You found it in a
                  | treasure trove)
 43541 | Trove    | Reached skill level 22 in Armour
 43541 | Trove    | Reached XP level 24. HP: 235/235 MP: 30/30
 44287 | Depths:4 | Found a one-way gate to the infinite horrors of the Abyss.
 44564 | Depths:5 | Entered Level 5 of the Depths
 44705 | Depths:5 | Noticed Xtahua
 44723 | Depths:5 | Killed Xtahua
 44723 | Depths:5 | Reached XP level 25. HP: 236/243 MP: 24/30
 44824 | Depths:5 | Received a gift from Okawaru
 45073 | Depths:5 | Reached skill level 23 in Armour
 45114 | Depths:5 | Found a gate to the Realm of Zot.
 45569 | Slime:1  | Entered Level 1 of the Pits of Slime
 45655 | Slime:4  | Gained mutation: You are dopey. (Int -2) [a shining eye]
 45681 | Slime:5  | Entered Level 5 of the Pits of Slime
 45711 | Slime:5  | Gained mutation: Armour fits poorly on your strangely
                  | shaped body. [a shining eye]
 45855 | Slime:5  | Noticed the Royal Jelly
 45856 | Slime:5  | Found a viscous altar of Jiyva.
 45867 | Slime:5  | Killed the Royal Jelly
 45883 | Slime:5  | Found the amulet of the Four Winds {rN+ MR+++ Clar}
 45970 | Slime:5  | Identified the Tome of Calling and Clay
 46050 | Slime:5  | Got a slimy rune of Zot
 46105 | Slime:5  | Received a gift from Okawaru
 46169 | Lair:5   | Lost mutation: You are dopey. (Int -2) [potion of mutation]
 46169 | Lair:5   | Lost mutation: Armour fits poorly on your strangely shaped
                  | body. [potion of mutation]
 46169 | Lair:5   | Gained mutation: You are resistant to electric shocks.
                  | (rElec) [potion of mutation]
 46169 | Lair:5   | Gained mutation: You do not regenerate when monsters are
                  | visible. [potion of mutation]
 46169 | Lair:5   | Gained mutation: You can translocate small distances at
                  | will. [potion of mutation]
 46170 | Lair:5   | Lost mutation: You do not regenerate when monsters are
                  | visible. [potion of mutation]
 46170 | Lair:5   | Lost mutation: You can translocate small distances at will.
                  | [potion of mutation]
 46170 | Lair:5   | Gained mutation: You have a pair of large horns on your
                  | head. [potion of mutation]
 46170 | Lair:5   | Gained mutation: Your flesh is heat resistant. (rF+)
                  | [potion of mutation]
 46171 | Lair:5   | Lost mutation: You have a pair of large horns on your head.
                  | [potion of mutation]
 46171 | Lair:5   | Lost mutation: Your flesh is heat resistant. (rF+) [potion
                  | of mutation]
 46171 | Lair:5   | Gained mutation: Your natural rate of healing is unusually
                  | fast. [potion of mutation]
 46171 | Lair:5   | Gained mutation: You are robust. (+10% HP) [potion of
                  | mutation]
 46533 | Zot:1    | Entered Level 1 of the Realm of Zot
 46669 | Zot:1    | Reached skill level 24 in Armour
 47340 | Zot:2    | Reached XP level 26. HP: 279/279 MP: 30/30
 47350 | Zot:2    | Received a gift from Okawaru
 48208 | Zot:2    | Received a gift from Okawaru
 48523 | Zot:3    | Reached skill level 25 in Armour
 49795 | Zot:4    | Received a gift from Okawaru
 49826 | Zot:4    | Got a pitted plate armour {god gift}
 49827 | Zot:4    | Identified the +0 plate armour "Neogikub" {+Fly} (Okawaru
                  | gifted it to you on level 4 of the Realm of Zot)
 49855 | Zot:4    | Noticed an ancient lich
 49865 | Zot:4    | Killed an ancient lich
 49917 | Zot:4    | Reached XP level 27. HP: 292/292 MP: 30/30
 49969 | Zot:4    | Reached skill level 26 in Armour
 50649 | Zot:4    | Received a gift from Okawaru
 50900 | Zot:5    | Entered Level 5 of the Realm of Zot
 50901 | Zot:5    | Noticed an orb of fire
 50901 | Zot:5    | Noticed an orb of fire
 50904 | Zot:5    | Killed from afar by an orb of fire

Skill      XL: |  1  2  3  4  5  6  7  8  9 10 11 12 13 14 15 16 17 18 19 20 21 22 23 24 25 26 27 |
---------------+----------------------------------------------------------------------------------+-----
Axes           | 3 4 5 6 7 9 11 13 15 16 17 18 19 20 21 22 23 | 23.9
Fighting       | 4 5 6 7 9 10 11 12 13 14 16 17 18 19 20 21 22 23 24 25 | 25.2
Shields        | 6 8 10 11 13 14 15 | 15.0
Invocations    | 3 6 8 10 11 | 11.8
Armour         | 6 7 8 11 12 13 15 17 19 20 22 24 25 26 | 26.3
Dodging        | 8 11 13 15 17 18 19 20 21 | 21.9

Action                   |  1- 3 |  4- 6 |  7- 9 | 10-12 | 13-15 | 16-18 | 19-21 | 22-24 | 25-27 || total
-------------------------+-------+-------+-------+-------+-------+-------+-------+-------+-------++-------
Melee: War axe           |    82 |   161 |   166 |   685 |       |       |       |       |       ||  1094
       Headbutt          |     5 |    22 |    26 |   180 |   380 |   465 |   473 |   367 |   451 ||  2369
       Unarmed           |     8 |       |       |       |       |       |       |       |       ||     8
       Broad axe         |       |       |       |    50 |  1241 |  1321 |  1180 |   900 |  1051 ||  5743
Throw: Throwing net      |       |       |     1 |       |       |       |       |       |       ||     1
Invok: Heroism           |       |       |       |     5 |     9 |    10 |     9 |     4 |     6 ||    43
       Finesse           |       |       |       |     2 |     7 |     6 |     7 |     3 |     4 ||    29
Evoke: Wand              |       |       |       |       |    15 |       |       |       |       ||    15
  Use: Scroll            |     3 |       |    15 |    12 |    16 |     8 |     6 |     7 |     5 ||    72
       Potion            |     1 |       |     4 |     5 |     1 |     1 |     1 |     1 |     8 ||    22
 Stab: Held in net/web   |       |       |     2 |       |       |       |       |       |       ||     2
       Petrified         |       |       |       |       |       |       |       |     5 |       ||     5
       Distracted        |       |       |       |       |       |       |       |     2 |       ||     2
  Eat: Chunk             |       |     7 |    16 |    38 |    44 |    19 |    19 |    10 |    11 ||   164
       Ration            |       |       |     1 |       |       |     2 |     1 |     2 |     2 ||     8
Armor: Scale mail        |    32 |    70 |    74 |   164 |       |       |       |       |       ||   340
       Plate armour      |       |       |       |    38 |   434 |   402 |   202 |   179 |   317 ||  1572
       Pearl dragon scal |       |       |       |       |     3 |       |       |       |       ||     3
Dodge: Dodged            |    34 |    55 |    56 |   183 |   200 |   510 |   446 |   417 |   546 ||  2447
       Deflected         |       |       |       |       |       |    51 |    21 |    23 |    42 ||   137
Block: Shield            |    42 |    36 |       |    44 |   901 |  1204 |   879 |   705 |   835 ||  4646
       Buckler           |       |    16 |    36 |   120 |       |       |       |       |       ||   172
